 Dungeon Crawl Stone Soup version 0.30-a0-639-g3916f1956a (webtiles) character file.

Game seed: 17006723112335580453

7374 bmack86 the Cleaver (level 10, -2/90 HPs)
             Began as a Minotaur Fighter on Jan 16, 2023.
             Was a Priest of Okawaru.
             Shot with an arrow by a centaur (5 damage)
             ... on level 10 of the Dungeon on Jan 17, 2023.
             The game lasted 00:27:14 (8143 turns).

bmack86 the Cleaver (Minotaur Fighter)              Turns: 8143, Time: 00:27:14

Health: -2/90      AC: 18    Str: 25    XL:     10   Next: 91%
Magic:  13/13      EV: 10    Int:  7    God:    Okawaru [***...]
Gold:   601        SH:  8    Dex: 10    Spells: 9/9 levels left

rFire   + . .      SeeInvis .    F - +2 war axe
rCold   x . .      Faith    .    c - +1 buckler
rNeg    . . .      Spirit   .    w - +0 chain mail
rPois   +          Reflect  .    (helmet restricted)
rElec   .          Harm     .    (no cloak)
rCorr   .          Rampage  .    x - +0 pair of gloves
Will    +....                    k - +2 pair of boots Stlth
                                 j - amulet of magic regeneration
HPRegen 0.35/turn                L - ring of Tyupt {Fire Will+ Int+2}
MPRegen 0.53/turn                G - ring of poison resistance

@: heroic
A: horns 2, retaliatory headbutt
a: Renounce Religion, Heroism


You were on level 10 of the Dungeon.
You worshipped Okawaru.
Okawaru was most pleased with you.
You visited 2 branches of the dungeon, and saw 11 of its levels.

You collected 601 gold pieces.

Inventory:

Hand Weapons
 a - a +1 war axe
 F - a +2 war axe (weapon)
Missiles
 b - 6 silver javelins
 p - 5 curare-tipped darts
 r - 16 poisoned darts
 v - 3 boomerangs (quivered)
 B - 2 throwing nets
 C - 3 javelins
Armour
 c - a +1 buckler (worn)
 k - a +2 pair of boots (worn)
 w - a +0 chain mail (worn)
 x - a +0 pair of gloves (worn)
Jewellery
 j - an amulet of magic regeneration (around neck)
 q - a ring of see invisible
 G - a ring of poison resistance (right hand)
 H - a ring of wizardry
 L - the ring of Tyupt (left hand) {Fire Will+ Int+2}
   (You found it on level 9 of the Dungeon)

   [ring of fire]

   It enhances your fire magic.
   Int:       It affects your intelligence (+2).
   rF:        It protects you from fire.
   rC:        It makes you vulnerable to cold.
   Will:      It increases your willpower.
 M - a ring of resist corrosion
Wands
 e - a wand of polymorph (7)
 l - a wand of flame (54)
 o - a wand of mindburst (17)
 z - a wand of roots (21)
Scrolls
 f - a scroll of summoning
 g - 5 scrolls of amnesia
 y - 4 scrolls of fear
 A - a scroll of enchant weapon
 D - 2 scrolls of blinking {unknown}
 J - a scroll of teleportation
 N - a scroll of fog
Potions
 d - a potion of might
 h - 6 potions of curing
 i - 2 potions of heal wounds
 m - a potion of lignification {unknown}
 n - 2 potions of ambrosia {unknown}
 s - 2 potions of brilliance
 t - a potion of haste {unknown}
 u - 3 potions of magic
 E - 3 potions of cancellation
 I - a potion of flight {unknown}
 K - 2 potions of berserk rage {unknown}


   Skills:
 + Level 8.5(13.5) Fighting
 * Level 11.2(16.2) Axes
 + Level 6.3(11.3) Throwing
 + Level 8.5(13.5) Armour
 + Level 8.5(13.5) Shields
 + Level 5.8 Invocations


You had 9 spell levels left.
You didn't know any spells.
Your spell library contained the following spells:

 Spells                   Type           Power      Damage    Failure   Level
 Sandblast                Erth           0%         2d4       93%         1
 Cigotuvi's Dreadful Rot  Necr/Pois/Air  0%         N/A       98%         2
 Passwall                 Tmut/Erth      0%         N/A       98%         2
 Poisonous Vapours        Pois/Air       0%         N/A       98%         2
 Mephitic Cloud           Conj/Pois/Air  0%         N/A       100%        3
 Stone Arrow              Conj/Erth      0%         3d7       100%        3
 Blade Hands              Tmut           0%         N/A       100%        5
 Freezing Cloud           Conj/Ice/Air   0%         6-21      100%        5
 Irradiate                Conj/Tmut      0%         3d11      100%        5
 Dragon Form              Tmut           0%         N/A       100%        7
 Borgnjor's Revivificati  Necr           0%         N/A       100%        8
 Necromutation            Tmut/Necr      0%         N/A       100%        8
 Death's Door             Necr           0%         N/A       100%        9
 Polar Vortex             Ice            0%         N/A       100%        9
 Simulacrum               Ice/Necr       Unusable   N/A       N/A         6

Dungeon Overview and Level Annotations

Branches:
Dungeon (10/15)            Temple (1/1) D:6             Orc (0/2) D:9
   Lair: D:8-11

Altars:
Ashenzari
Cheibriados
Dithmenos
Elyvilon
Fedhas
Gozag
Hepliaklqana
Kikubaaqudgha
Makhleb
Nemelex Xobeh
Okawaru
Qazlal
Ru
Sif Muna
Trog
Uskayaw
Vehumet
Wu Jian
Yredelemnul
Zin
The Shining One

Shops:
D:7 *   D:8 (

Annotations:
D:9 1 transporter


Innate Abilities, Weirdness & Mutations

You have a pair of horns on your head.
You reflexively headbutt those who attack you in melee.


Message History

You're wearing all the rings you can.
Remove which one? (? for menu, Esc to cancel) < or
q - a ring of see invisible; > or
G - a ring of poison resistance You remove your ring of see invisible.
You feel more attuned to fire.
You feel clever.
L - the ring of Tyupt (left hand) {Fire Will+ Int+2}
Found 5 stones.
Found a stone staircase leading down.
A centaur and a two-headed ogre come into view.
Found 16 gold pieces and a scroll labelled IBREKEL OREUNN.
The centaur shouts!
The two-headed ogre shouts in stereo!
The centaur wields a +0 shortbow.
The centaur shoots an arrow.
The arrow hits you.
A vampire comes into view.
The centaur shoots an arrow.
You block the arrow.
The vampire gestures wildly while chanting.
The vampire flickers and vanishes!
Deactivating autopickup; reactivate with Ctrl-A.
The centaur shoots an arrow.
The arrow hits you but does no damage.
You gain the combat prowess of a mighty hero.
You can no longer speed up your combat.
The centaur shoots an arrow.
The arrow closely misses you.
You slash the two-headed ogre!
The two-headed ogre is moderately wounded.
The centaur shoots an arrow.
The arrow hits you but does no damage.
The two-headed ogre hits you with a +0 giant spiked club!!
* * * LOW HITPOINT WARNING * * *
You block the two-headed ogre's attack.
You slice the two-headed ogre!! You headbutt the two-headed ogre!
The two-headed ogre is almost dead.
The centaur shoots an arrow.
You block the arrow.
You barely miss the two-headed ogre.
The two-headed ogre is almost dead.
The centaur shoots an arrow.
The arrow hits you.
* * * LOW HITPOINT WARNING * * *
The two-headed ogre barely misses you.
The two-headed ogre hits you with a +0 giant club!
* * * LOW HITPOINT WARNING * * *
The centaur shoots an arrow.
The arrow hits you.
You die...

.................##
...................##
..?c..............##
..................#
...................⌠♣
..................##.
..................#
.....^.?..........#
......O@..........#
..................
..$...............
..................
..................
..................
....>...(.........
..................


You could see a two-headed ogre and a centaur.

Vanquished Creatures
  An unseen horror (D:10)
  A kobold demonologist (D:9)
  A troll (D:9)
  Grinder (D:5)
  A shadow (D:9)
  16 yaks
  A steam dragon (D:9)
  2 orc warriors (D:9)
  A swamp drake (D:9)
  2 ice beasts
  A sky beast (D:7)
  A black bear (D:4)
  3 centaurs
  Blork the orc (D:5)
  A kobold brigand (D:3)
  2 bullfrogs (D:6)
  2 necrophages (D:6)
  A gnoll sergeant (D:8)
  2 scorpions
  12 wights
  11 killer bees
  3 howler monkeys (D:7)
  6 hounds
  7 orc priests
  5 jellies
  A gnoll bouda (D:8)
  Ijyb (D:3)
  Natasha (thrice) (D:2)
  5 orc wizards (D:9)
  9 gnolls
  7 adders
  A shadow imp (D:8)
  A white imp (D:6)
  A worm (D:2)
  8 dart slugs
  27 orcs
  11 ball pythons
  4 endoplasms
  5 giant cockroaches
  4 goblins
  7 hobgoblins
  3 jackals (D:3)
  9 kobolds
  A quokka (D:1)
  6 bats
  6 frilled lizards
  6 rats
211 creatures vanquished.

Vanquished Creatures (others)
  A wizard (D:5)
  An orc warrior (D:9)
  An orc wizard (D:9)
3 creatures vanquished.

Grand Total: 214 creatures vanquished

Notes
Turn   | Place    | Note
-------+----------+-------------------------------------------
     0 | D:1      | bmack86 the Minotaur Fighter began the quest for the Orb.
     0 | D:1      | Reached XP level 1. HP: 19/19 MP: 0/0
   146 | D:1      | Found a faded altar of an unknown god.
   154 | D:1      | Reached XP level 2. HP: 22/27 MP: 1/1
   413 | D:1      | Reached skill level 3 in Axes
   671 | D:1      | Reached XP level 3. HP: 29/33 MP: 2/2
   842 | D:1      | Reached skill level 1 in Throwing
   926 | D:2      | Noticed Natasha
   939 | D:2      | Killed Natasha
  1104 | D:2      | Reached XP level 4. HP: 40/40 MP: 3/3
  1231 | D:2      | Noticed Natasha
  1236 | D:2      | Killed Natasha
  1237 | D:2      | Reached skill level 4 in Axes
  1852 | D:2      | Noticed Natasha
  1858 | D:2      | Killed Natasha
  1859 | D:2      | Reached XP level 5. HP: 46/46 MP: 4/4
  2029 | D:3      | Found an iron altar of Okawaru.
  2038 | D:3      | Became a worshipper of Warmaster Okawaru
  2042 | D:3      | Noticed Ijyb
  2046 | D:3      | Killed Ijyb
  2244 | D:3      | Reached XP level 6. HP: 53/53 MP: 5/5
  2450 | D:4      | Reached skill level 5 in Axes
  2555 | D:4      | Found a shimmering blue altar of Sif Muna.
  2572 | D:4      | Reached * piety under Okawaru
  2573 | D:4      | Reached skill level 1 in Invocations
  2897 | D:5      | Entered Level 5 of the Dungeon
  2897 | D:5      | Noticed Grinder
  2897 | D:5      | Noticed a yak
  2912 | D:5      | Noticed a yak
  2912 | D:5      | Noticed a yak
  2912 | D:5      | Killed Grinder
  2913 | D:5      | Reached skill level 5 in Fighting
  2913 | D:5      | Reached skill level 5 in Armour
  2913 | D:5      | Reached skill level 5 in Shields
  2913 | D:5      | Reached XP level 7. HP: 48/61 MP: 5/7
  2915 | D:5      | Killed a yak
  2916 | D:5      | Reached skill level 6 in Axes
  2972 | D:5      | Noticed a yak
  2984 | D:4      | Killed a yak
  2984 | D:4      | Reached ** piety under Okawaru
  2987 | D:4      | Killed a yak
  2988 | D:4      | Reached XP level 8. HP: 42/69 MP: 8/8
  3084 | D:4      | Reached skill level 7 in Axes
  3298 | D:5      | Noticed Blork the orc
  3306 | D:5      | Killed Blork the orc
  3492 | D:5      | Found a bloodstained altar of Trog.
  3504 | D:5      | Noticed a wizard
  3508 | D:5      | Killed a wizard
  3611 | D:5      | Found a sacrificial altar of Ru.
  3944 | D:6      | Reached skill level 8 in Axes
  3946 | D:6      | Reached XP level 9. HP: 54/78 MP: 8/10
  4087 | D:6      | Found a staircase to the Ecumenical Temple.
  4102 | Temple   | Entered the Ecumenical Temple
  4351 | D:6      | Found an opulent altar of Gozag.
  4955 | D:7      | Found Sotoberph's Superlative Supplies.
  5318 | D:7      | Found a stormy altar of Qazlal.
  5384 | D:7      | Found a snail-covered altar of Cheibriados.
  5540 | D:8      | Reached skill level 9 in Axes
  5571 | D:8      | Found Xaotsudd's Weapon Shoppe.
  5759 | D:8      | Reached skill level 5 in Throwing
  5822 | D:8      | Reached *** piety under Okawaru
  6000 | D:8      | Found a burning altar of Makhleb.
  6296 | D:9      | Received a gift from Okawaru
  6299 | D:9      | Reached XP level 10. HP: 30/86 MP: 12/12
  6304 | D:9      | Reached skill level 10 in Axes
  6500 | D:9      | Found a transporter.
  6503 | D:9      | Found a transporter.
  6509 | D:9      | Found a transporter.
  6547 | D:9      | Reached skill level 5 in Invocations
  6567 | D:9      | Reached **** piety under Okawaru
  6808 | D:9      | Found a transporter.
  6829 | D:9      | Identified the ring of Tyupt {Fire Will+ Int+2}
  7648 | D:9      | Received a gift from Okawaru
  7655 | D:9      | Reached skill level 11 in Axes
  7679 | D:9      | Found a staircase to the Orcish Mines.
  8000 | D:10     | Entered Level 10 of the Dungeon
  8137 | D:10     | Noticed a two-headed ogre
  8143 | D:10     | HP: 3/90 [two-headed ogre/+0 giant spiked club (17)]
  8143 | D:10     | Shot with an arrow by a centaur

Illustrated notes

Levels and vault maps discovered:
D:1:      nzn_arrival_crosshair, layout_basic,
          hellmonk_ecumenical_altar_heavens_door, st_stairs_6,
          minmay_shallow_snake_nest
D:2:      layout_basic, dreamdust_princess_bridge, minmay_pentomino_q2,
          uniq_natasha
D:3:      layout_basic, overflow_temple_1_default, minivault_4, uniq_ijyb
D:4:      layout_rooms, nicolae_sif_muna_little_library, due_unseen_surprise
D:5:      layout_loops_ring, trog_wizard, overflow_temple_1_default,
          uniq_blork_the_orc, uniq_grinder, uniq_crazy_yiuf_cottage
D:6:      layout_cave_pools, mainiacjoe_overflow_brackets,
          minmay_temple_entry_junction_2, minmay_crossroads
D:7:      layout_loops_ring, nicolae_qazlal_eye_of_the_storm,
          lemuel_doored_altar, nicolae_alphabet_shops, nicolae_underground_beach
D:8:      layout_basic, mainiacjoe_overflow_alcove_2, serial_glass,
          glass_columns_c, glass_columns_c, serial_shops,
          nicolae_shop_advertising_works [nicolae_subvault_shop_adworks]
D:9:      layout_roguey, erik_orc_1, nicolae_transporter_circle
D:10:     layout_long_grid, xom_redecorated, minmay_misc_feat_plants,
          nicolae_fountain_basement
Temple:   nicolae_temple_bog_church

Skill      XL: |  1  2  3  4  5  6  7  8  9 10 |
---------------+-------------------------------+-----
Axes           | 3 4 5 6 8 9 11 | 11.2
Throwing       | 1 2 3 4 5 6 |  6.3
Shields        | 4 5 6 7 8 |  8.5
Fighting       | 4 5 6 7 8 |  8.5
Armour         | 4 5 6 7 8 |  8.5
Invocations    | 1 2 3 4 5 |  5.8

Action                   |  1- 3 |  4- 6 |  7- 9 | 10-12 || total
-------------------------+-------+-------+-------+-------++-------
Melee: War axe           |    65 |    99 |   186 |   139 ||   489
       Headbutt          |     7 |    15 |    39 |    27 ||    88
Throw: Dart              |       |       |     5 |       ||     5
       Boomerang         |       |       |       |     2 ||     2
Invok: Heroism           |       |       |     7 |     2 ||     9
       Finesse           |       |       |       |     1 ||     1
  Use: Scroll            |     4 |     3 |    11 |       ||    18
       Potion            |       |       |       |     1 ||     1
 Stab: Confused          |       |       |       |     1 ||     1
Armor: Scale mail        |    38 |    44 |       |       ||    82
       Chain mail        |       |     4 |   187 |   101 ||   292
Dodge: Dodged            |    38 |    66 |   109 |    58 ||   271
Block: Buckler           |    14 |    30 |    97 |    58 ||   199

Table legend: (Time is in decaauts)
 A = Elapsed time spent in this place.
 B = Non-inter-level travel time spent in this place.
 C = Inter-level travel time spent in this place.
 D = Time resting spent in this place.
 E = Time spent auto-exploring this place.
 F = Levels seen in this place.
 G = Mean time per level.
                   A        B        C        D        E       F      G
               +--------+--------+--------+--------+--------+-----+--------+
         Total |   8209 |   8058 |    151 |    910 |   4880 |  11 |  746.3 |
       Dungeon |   7977 |   7844 |    133 |    910 |   4679 |  10 |  797.7 |
        Temple |    232 |    214 |     18 |      0 |    201 |   1 |  232.0 |
               +--------+--------+--------+--------+--------+-----+--------+

Top non-repeatable levels by time:
     D:9: 1703 daAuts
     D:2: 1000 daAuts
     D:1: 931 daAuts
     D:8: 824 daAuts
     D:4: 770 daAuts
     D:6: 739 daAuts
     D:7: 691 daAuts
     D:5: 629 daAuts
     D:3: 546 daAuts
  Temple: 232 daAuts
    D:10: 140 daAuts
